 Dungeon Crawl Stone Soup version 0.17.1-3-g152610e (webtiles) character file.

77 Kingpool the Cudgeler (level 4, -6/35 HPs)
             Began as a Demonspawn Gladiator on Mar 15, 2016.
             Killed by divine providence
             ... invoked by an orc priest
              (12 damage)
             ... on level 4 of the Dungeon.
             The game lasted 00:11:47 (1638 turns).

Kingpool the Cudgeler (Demonspawn Gladiator)        Turns: 1638, Time: 00:11:47

Health: -6/35      AC: 11    Str: 15    XL:     4   Next: 13%
Magic:  4/4        EV: 10    Int: 10    God:
Gold:   78         SH:  0    Dex: 14    Spells: 0 memorised, 3 levels left

rFire  . . .     SeeInvis .     a - +0 flail
rCold  + . .     Clarity  .     b - +0 scale mail
rNeg   . . .     SustAt   .     (no shield)
rPois  .         Gourm    .     c - +0 helmet
rElec  .         Spirit   .     (no cloak)
rCorr  .         Warding  .     (no gloves)
rMut   .         Stasis   .     (no boots)
MR     .....                    (no amulet)
Stlth  ..........               o - +2 ring of protection
                                h - ring of protection from cold

@: not resistant to hostile enchantments, extremely unstealthy
A: yellow scales 1, powered by pain 2
a: no special abilities


You were on level 4 of the Dungeon.
You were not hungry.

You visited 1 branch of the dungeon, and saw 4 of its levels.

You collected 78 gold pieces.

Inventory:

Hand Weapons
 a - a +0 flail (weapon)
Missiles
 d - 3 throwing nets (quivered)
Armour
 b - a +0 scale mail (worn)
 c - a +0 helmet (worn)
Jewellery
 h - a ring of protection from cold (left hand)
 o - a +2 ring of protection (right hand)
Potions
 f - a potion of cancellation
 g - 3 potions of curing
 j - 2 potions of flight
Comestibles
 e - 3 bread rations
 m - a beef jerky


   Skills:
 + Level 3.0 Fighting
 * Level 4.0 Maces & Flails
 - Level 1.7 Throwing
 - Level 2.6 Dodging


You had 3 spell levels left.
You didn't know any spells.

Dungeon Overview and Level Annotations

Branches:
Dungeon (4/15)
 Temple: D:4-7

Altars:


Innate Abilities, Weirdness & Mutations

You are partially covered in yellow scales (AC +2).
You sometimes gain power by taking damage.


Message History

The orc priest calls down the wrath of Beogh upon you.
Something smites you!
An orc priest comes into view. It is wielding a hand axe.
There is an open door here.
An orc comes into view. It is wielding a falchion.
The orc priest calls down the wrath of Beogh upon you.
Pain shoots through your body!
The orc priest calls down the wrath of Beogh upon you.
Pain shoots through your body!
* * * LOW HITPOINT WARNING * * *
A giant newt comes into view.
The giant newt bites you but does no damage.
Found a stone staircase leading down.
There is an open door here.
A worker ant comes into view.
The worker ant twitches its antennae in your direction.
The worker ant moves out of view.
The orc priest mumbles some strange prayers to Beogh against you.
Something smites you!
You die...

#..o.o.# # ######.#
.....# # #.# .....#
#.# .....# #.#
.....## #####.#
.....'. #.....###
.....
#.......#####..#####
#.......o..l@.>.....
#.......############
##......# ########


You could see an orc priest and a giant newt.

Vanquished Creatures
  Natasha (D:2)
  3 adders
  A worm (D:2)
  2 giant cockroaches (D:1)
  A hobgoblin (D:1)
  7 bats
  A giant newt (D:1)
  3 goblins
  2 kobolds (D:1)
  3 rats (D:1)
24 creatures vanquished.

Notes
Turn   | Place    | Note
--------------------------------------------------------------
     0 | D:1      | Kingpool the Demonspawn Gladiator began the quest for the Orb.
     0 | D:1      | Reached XP level 1. HP: 16/16 MP: 1/1
   312 | D:1      | Reached skill level 3 in Maces & Flails
   498 | D:1      | Gained mutation: You are partially covered in yellow scales (AC +2). [demonic ancestry]
   498 | D:1      | Reached XP level 2. HP: 22/22 MP: 2/2
  1051 | D:2      | Noticed Natasha
  1059 | D:2      | Gained mutation: You sometimes gain a little power by taking damage. [demonic ancestry]
  1059 | D:2      | Reached XP level 3. HP: 28/28 MP: 3/3
  1073 | D:2      | Killed Natasha
  1333 | D:4      | Reached skill level 4 in Maces & Flails
  1333 | D:4      | Gained mutation: You sometimes gain power by taking damage. [demonic ancestry]
  1333 | D:4      | Reached XP level 4. HP: 3/35 MP: 4/4
  1334 | D:4      | HP: 1/35 [poisoned by an adder]
  1638 | D:4      | Killed from afar by an orc priest

Action                   |  1- 3 |  4- 6 || total
-------------------------+-------+-------++-------
Melee: Flail             |    98 |       ||    98
  Use: Scroll            |       |     6 ||     6
       Potion            |       |     1 ||     1
  Eat: Chunk             |     1 |     1 ||     2
